 Dungeon Crawl Stone Soup version 0.31-a0-588-g14bffd4ff3 (webtiles) character file.

Game seed: 4592606944894906018

6539 Conn the Thaumaturge (level 11, -1/62 HPs)
             Began as an Octopode Fire Elementalist on Aug 19, 2023.
             Slain by a wight
             ... wielding a +4 scimitar
              (12 damage)
             ... on level 9 of the Dungeon.
             The game lasted 00:22:47 (10626 turns).

Conn the Thaumaturge (Octopode Fire Elementalist)  Turns: 10626, Time: 00:22:48

Health: -1/62      AC:  5    Str:  9    XL:     11   Next: 1%
Magic:  3/24       EV: 13    Int: 21    God:
Gold:   521        SH:  5    Dex: 12    Spells: 9/29 levels left

rFire   . . .        p - staff of poison
rCold   . . .        (no shield)
rNeg    . . .        (helmet restricted)
rPois   +            v - amulet of reflection
rElec   .            q - +4 ring of protection
rCorr   +            u - ring of resist corrosion
SInv    +            C - ring of wizardry
Will    .....        H - ring of see invisible
Stlth   ++++         (no ring)
HPRegen 0.30/turn    (no ring)
MPRegen 0.19/turn    (no ring)
                     (no ring)

%: reflection, wizardry (x1)
@: about to teleport
A: almost no armour, amphibious, 8 rings, camouflage 1, gelatinous body 1,
(nimble swimmer 1), tentacles
a: no special abilities


You were on level 9 of the Dungeon.
You visited 2 branches of the dungeon, and saw 10 of its levels.
You also visited: Sewer.

You collected 521 gold pieces.

Inventory:

Hand Weapons
 i - a +1 dagger
Missiles
 F - a throwing net (quivered)
 J - a curare-tipped dart
Magical Staves
 p - a staff of poison (weapon)
Jewellery
 h - the ring of Meakux {Fly rC- rCorr EV+5 Dex-5}
   (You found it on level 7 of the Dungeon)

   [ring of evasion]

   EV+5:      It affects your evasion (+5).
   Dex-5:     It affects your dexterity (-5).
   rC-:       It makes you vulnerable to cold.
   Fly:       It grants you flight.
   rCorr:     It protects you from acid and corrosion.
 k - an amulet of faith
 q - a +4 ring of protection (left tentacle)
 s - an amulet of the acrobat
 u - a ring of resist corrosion (right tentacle)
 v - an amulet of reflection (around mantle)
 C - a ring of wizardry (on tentacle)
 H - a ring of see invisible (on tentacle)
Wands
 t - a wand of paralysis (10)
 D - a wand of polymorph (13)
 G - a wand of quicksilver (6)
 I - a wand of iceblast (2)
Scrolls
 b - 2 scrolls of poison
 c - 5 scrolls of amnesia
 j - 3 scrolls of enchant weapon
 n - a scroll of noise
 w - 4 scrolls of teleportation
 x - 2 scrolls of enchant armour
 y - a scroll of revelation
 K - a scroll of immolation
Potions
 a - 2 potions of magic
 e - 2 potions of enlightenment
 f - 3 potions of heal wounds
 g - 2 potions of attraction {unknown}
 l - 3 potions of brilliance {unknown}
 m - a potion of might
 o - 2 potions of ambrosia {unknown}
 r - 2 potions of resistance {unknown}
 z - 2 potions of lignification {unknown}
 A - 3 potions of haste {unknown}
 B - a potion of invisibility {unknown}
 E - 4 potions of curing


   Skills:
 + Level 0.8 Fighting
 + Level 0.1 Short Blades
 + Level 0.8 Staves
 + Level 3.2 Dodging
 + Level 5.0 Stealth
 + Level 0.7 Shields
 * Level 9.8 Spellcasting
 * Level 6.0 Conjurations
 + Level 2.2 Hexes
 * Level 4.9 Summonings
 + Level 7.9 Fire Magic
 * Level 2.6 Air Magic
 * Level 2.8 Poison Magic
 + Level 0.5 Evocations


You had 9 spell levels left.
You knew the following spells:

 Your Spells              Type           Power      Damage    Failure   Level
a - Foxfire               Conj/Fire      100%       2x1d9     1%          1
b - Scorch                Fire           86%        2d8       1%          2
c - Inner Flame           Hex/Fire       31%        N/A       1%          3
d - Flame Wave            Conj/Fire      39%        2d11      1%          4
e - Mephitic Cloud        Conj/Pois/Air  39%        N/A       1%          3
f - Summon Small Mammal   Summ           100%       N/A       1%          1
g - Summon Guardian Gole  Hex/Summ       25%        N/A       1%          3
h - Call Canine Familiar  Summ           31%        N/A       1%          3

Your spell library contained the following spells:

 Spells                   Type           Power      Damage    Failure   Level
 Poisonous Vapours        Pois/Air       64%        N/A       1%          2
 Volatile Blastmotes      Fire/Tloc      54%        2d14      1%          3
 Freezing Cloud           Conj/Ice/Air   11%        6-21      22%         5
 Simulacrum               Ice/Necr       5%         N/A       98%         6
 Ozocubu's Refrigeration  Ice            5%         4d8       100%        7
 Polar Vortex             Ice            5%         N/A       100%        9


Dungeon Overview and Level Annotations

Branches:
Dungeon (9/15)             Temple (1/1) D:4           Sewer (visited)
   Lair: D:8-11         Orc: D:9-12

Altars:
Ashenzari
Cheibriados
Dithmenos
Elyvilon
Fedhas
Hepliaklqana
Kikubaaqudgha
Nemelex Xobeh
Okawaru
Qazlal
Ru
Trog
Uskayaw
Vehumet
Xom
Zin
The Shining One


Innate Abilities, Weirdness & Mutations

You cannot wear most types of armour.
You are amphibious.
You can wear up to eight rings at the same time.
Your skin changes colour to match your surroundings (Stealth+).
Your rubbery body absorbs attacks. (AC +1, EV +1)
((You are camouflaged when in or above water. (Stealth+)))
You have tentacles for arms and can constrict up to eight enemies at once.


Message History

Here: a wight, wielding a +4 scimitar and wearing a +0 robe The floor.
Unknown command.
Unknown command.
Unknown command.
Aiming: Quicksilver Bolt
Press: ? - help, Shift-Dir - straight line, f - wight
Aim: a wight, wielding a +4 scimitar and wearing a +0 robe (71% to hit)
Okay, then.
Unknown command.
Unknown command.
Aiming: Quicksilver Bolt
Press: ? - help, Shift-Dir - straight line, f - wight
Aim: a wight, wielding a +4 scimitar and wearing a +0 robe (71% to hit)
The bolt of dispelling energy misses the wight.
The bolt of dispelling energy hits the wight!
The wight is almost destroyed.
The bolt of dispelling energy hits the wight!
The wight is moderately damaged.
The wight hits you with a +4 scimitar!
Unknown command.
You hit the wight. Your grab misses the wight.
You squeeze the wight, but do no damage.
The wight is lightly damaged.
The wight hits you with a +4 scimitar!
You hit the wight but do no damage. Your grab misses the wight.
You squeeze the wight.
The wight is moderately damaged.
The wight hits you with a +4 scimitar!
Unknown command.
Okay, then.
Unknown command.
The wight attacks as you move away! The wight barely misses you.
An orc warrior comes into view. It is wielding a +0 glaive.
As you read the scroll of teleportation, it crumbles to dust.
You feel strangely unstable.
The orc warrior hits you from afar with a +0 glaive!!
* * * LOW HITPOINT WARNING * * *
The wight hits you with a +4 scimitar!
You die...

#.#...###
.......#
......# ..
..... .. ....
#o o.# #o #.#
#. #@# ### #.
#z#
.....#o####z#
......zo).o<#
##.###z######
#.. ....
###.. ##.


You could see an orc warrior, 2 wights and an orc.

Vanquished Creatures
  A two-headed ogre (D:8)
  Maurice (D:8)
  An orange demon (D:8)
  Maggie (D:7)
  A kobold demonologist (D:7)
  A troll (D:7)
  Grinder (D:4)
  A shadow (D:7)
  3 yaks (D:8)
  2 steam dragons (D:8)
  2 ice beasts
  2 black bears (D:7)
  2 ogres
  2 sky beasts (D:7)
  A centaur (D:7)
  3 kobold brigands
  A phantom (D:6)
  3 scorpions
  6 jellies
  9 wights
  2 howler monkeys (D:8)
  2 gnoll boudas
  3 hounds
  Crazy Yiuf (D:6)
  4 orc priests
  An iron imp (D:8)
  2 sleepcaps (D:6)
  2 orc wizards
  4 iguanas
  12 gnolls
  15 adders
  A river rat (Sewer)
  A white imp (D:8)
  2 worms
  3 dart slugs
  17 orcs
  3 bats
  4 endoplasms
  7 giant cockroaches
  8 goblins
  8 hobgoblins
  4 jackals (D:5)
  27 kobolds
  5 quokkas
  12 ball pythons
  3 frilled lizards (D:1)
  2 goblin skeletons (D:8)
  2 goblin zombies (D:8)
  3 hobgoblin zombies (D:8)
  2 kobold skeletons (D:8)
  2 kobold zombies (D:8)
  An orc zombie (D:8)
  12 rats
221 creatures vanquished.

Vanquished Creatures (collateral kills)
  An orc priest (D:6)
  An adder (D:6)
  An orc (D:6)
3 creatures vanquished.

Vanquished Creatures (others)
  Amaemon (D:8)
  A kobold brigand (Sewer)
  515 foxfires
517 creatures vanquished.

Grand Total: 741 creatures vanquished

Notes
Turn   | Place    | Note
-------+----------+-------------------------------------------
     0 | D:1      | Conn the Octopode Fire Elementalist began the quest for the
                  | Orb.
     0 | D:1      | Reached XP level 1. HP: 11/11 MP: 3/3
    65 | D:1      | Reached XP level 2. HP: 13/17 MP: 0/5
   842 | D:1      | Reached XP level 3. HP: 21/21 MP: 3/6
   845 | D:1      | Learned a level 2 spell: Scorch
   849 | D:1      | Learned a level 3 spell: Inner Flame
  2381 | D:3      | Found a faded altar of an unknown god.
  2388 | D:3      | Reached XP level 4. HP: 24/27 MP: 4/8
  2665 | D:3      | Found a hide-covered altar of Uskayaw.
  2665 | D:3      | Noticed a +0 dagger
  2666 | D:3      | Noticed a +0 hand axe
  3195 | D:4      | Found a blossoming altar of Fedhas.
  3202 | D:4      | Noticed Grinder
  3203 | D:4      | Paralysed by Grinder for 3 turns
  3233 | D:4      | Killed Grinder
  3234 | D:4      | Reached skill level 3 in Spellcasting
  3234 | D:4      | Reached XP level 5. HP: 6/32 MP: 0/10
  3234 | D:4      | Reached XP level 6. HP: 6/37 MP: 0/11
  3402 | D:4      | Found a staircase to the Ecumenical Temple.
  3411 | Temple   | Entered the Ecumenical Temple
  3450 | D:4      | Reached skill level 4 in Spellcasting
  4231 | D:5      | Entered Level 5 of the Dungeon
  4378 | D:5      | Found an iron altar of Okawaru.
  4407 | D:5      | Found a glowing drain.
  4413 | D:5      | Reached XP level 7. HP: 42/42 MP: 0/13
  4573 | Sewer    | Entered a sewer
  4840 | Sewer    | Reached skill level 5 in Fire Magic
  5229 | D:5      | Reached skill level 5 in Spellcasting
  5401 | D:5      | Found a sacrificial altar of Ru.
  5722 | D:5      | Reached XP level 8. HP: 41/47 MP: 2/16
  6282 | D:5      | Learned a level 4 spell: Flame Wave
  6286 | D:5      | Learned a level 3 spell: Mephitic Cloud
  6288 | D:5      | Learned a level 1 spell: Summon Small Mammal
  6292 | D:5      | Learned a level 3 spell: Summon Guardian Golem
  6412 | D:6      | Reached skill level 1 in Summonings
  6814 | D:6      | Reached skill level 6 in Spellcasting
  6971 | D:6      | Found an ancient bone altar of Kikubaaqudgha.
  7065 | D:6      | Found a shadowy altar of Dithmenos.
  7219 | D:6      | Found a runed translucent door.
  7220 | D:6      | Noticed Crazy Yiuf
  7317 | D:6      | Killed Crazy Yiuf
  7431 | D:7      | Reached XP level 9. HP: 52/52 MP: 6/18
  7567 | D:7      | Reached skill level 7 in Spellcasting
  7740 | D:7      | Reached skill level 5 in Conjurations
  7746 | D:7      | Noticed Maggie
  7870 | D:7      | Learned a level 3 spell: Call Canine Familiar
  7929 | D:7      | Killed Maggie
  8469 | D:7      | Identified the ring of Meakux {Fly rC- rCorr EV+5 Dex-5}
  8736 | D:7      | Noticed a kobold demonologist
  8747 | D:7      | Killed a kobold demonologist
  8748 | D:7      | Reached skill level 8 in Spellcasting
  8954 | D:7      | Noticed a troll
  8961 | D:7      | Killed a troll
  8962 | D:7      | Reached skill level 1 in Hexes
  9048 | D:7      | Reached XP level 10. HP: 57/57 MP: 14/22
  9196 | D:8      | Noticed Maurice
  9199 | D:8      | Reached skill level 1 in Poison Magic
  9203 | D:8      | Reached skill level 5 in Stealth
  9203 | D:8      | Reached skill level 1 in Air Magic
  9209 | D:8      | Killed Maurice
  9229 | D:8      | Noticed a two-headed ogre
  9602 | D:8      | Noticed Amaemon
  9608 | D:8      | Killed Amaemon
  9609 | D:8      | Reached skill level 9 in Spellcasting
  9667 | D:8      | Killed a two-headed ogre
  9837 | D:8      | Found a glowing golden altar of the Shining One.
 10065 | D:8      | Noticed an orange demon
 10069 | D:8      | Killed an orange demon
 10615 | D:9      | Reached XP level 11. HP: 60/62 MP: 3/24
 10626 | D:9      | Slain by a wight

Illustrated notes

Levels and vault maps discovered:
D:1:      sevenhm_arrival_forest_fort_large_4, layout_basic
D:2:      layout_loops_cross
D:3:      layout_rooms, dancing_weapons_uskayaw, ebering_ecumenical_altar_mist
D:4:      layout_loops_ring, mainiacjoe_overflow_24_doors,
          minmay_temple_entry_ruins, minmay_snake_closets, uniq_grinder
D:5:      corexii_shack_village, layout_basic, nicolae_ru_sacrificial_ziggurat,
          okawaru_ov_weapons_minmay, cheibrodos_sewer_entry_drain
D:6:      layout_loops_cross, general_overflow_altar, grunt_dithmenos_shadows,
          uniq_crazy_yiuf_cottage
D:7:      layout_basic, wad_mini_maze, uniq_maggie
D:8:      layout_loops_ring, nicolae_tso_besieged_by_evil, uniq_maurice,
          uniq_amaemon
D:9:      layout_loops_ring, overflow_temple_1_default, jmf_multi_god_temple2
Temple:   compressed_dpeg_circular_temple

Skill      XL: |  1  2  3  4  5  6  7  8  9 10 |
---------------+-------------------------------+-----
Conjurations   | 2 3 4 5 6 |  6.0
Stealth        | 3 4 5 |  5.0
Spellcasting   | 3 4 5 6 8 9 |  9.8
Fire Magic     | 4 5 6 7 |  7.9
Summonings     | 2 3 4 |  4.9
Dodging        | 3 |  3.2
Hexes          | 1 2 |  2.2
Poison Magic   | 2 |  2.8
Air Magic      | 2 |  2.6
Fighting       | |  0.8
Short Blades   | |  0.1
Staves         | |  0.8
Shields        | |  0.7
Evocations     | |  0.5

Action                     |  1- 3 |  4- 6 |  7- 9 | 10-12 || total
---------------------------+-------+-------+-------+-------++-------
  Melee: Unarmed           |    17 |       |       |       ||    17
         Tentacles         |    10 |     3 |    21 |    12 ||    46
         Constrict         |     6 |     5 |    20 |     6 ||    37
         Staff             |     8 |    18 |    58 |    22 ||   106
         Dagger            |       |     1 |       |       ||     1
         Punch             |       |     1 |     1 |       ||     2
  Throw: Dart              |       |       |       |     1 ||     1
         Throwing net      |       |       |       |     1 ||     1
   Cast: Foxfire           |    71 |    66 |   135 |    28 ||   300
         Scorch            |       |    17 |    61 |    28 ||   106
         Inner Flame       |       |     1 |     9 |    11 ||    21
         Flame Wave        |       |       |     6 |     7 ||    13
         Summon Guardian G |       |       |     1 |     1 ||     2
  Evoke: Wand              |       |     3 |       |     7 ||    10
    Use: Potion            |       |     4 |       |       ||     4
         Scroll            |       |       |    12 |     5 ||    17
   Stab: Sleeping          |     4 |     1 |     3 |       ||     8
         Paralysed         |       |     1 |       |       ||     1
 Armour: Skin              |     5 |    10 |    17 |    10 ||    42
  Dodge: Dodged            |    29 |    16 |    50 |    16 ||   111
  Block: Other             |       |       |    23 |     6 ||    29
         Reflection        |       |       |     3 |       ||     3

Table legend: (Time is in decaauts)
 A = Elapsed time spent in this place.
 B = Non-inter-level travel time spent in this place.
 C = Inter-level travel time spent in this place.
 D = Time resting spent in this place.
 E = Time spent auto-exploring this place.
 F = Levels seen in this place.
 G = Mean time per level.
                   A        B        C        D        E       F      G
               +--------+--------+--------+--------+--------+-----+--------+
         Total |  10640 |  10524 |    116 |    694 |   7769 |  11 |  967.3 |
       Dungeon |  10043 |   9927 |    116 |    657 |   7448 |   9 | 1115.9 |
        Temple |     35 |     35 |      0 |      0 |      0 |   1 |   35.0 |
         Sewer |    561 |    561 |      0 |     37 |    321 |   1 |  561.0 |
               +--------+--------+--------+--------+--------+-----+--------+

Top non-repeatable levels by time:
     D:7: 2007 daAuts
     D:5: 1523 daAuts
     D:1: 1448 daAuts
     D:6: 1203 daAuts
     D:4: 1180 daAuts
     D:8: 1086 daAuts
     D:2: 931 daAuts
     D:3: 635 daAuts
   Sewer: 561 daAuts
  Temple: 35 daAuts
     D:9: 26 daAuts
